 Dungeon Crawl Stone Soup version 0.21.1-1-g345015fe64 (webtiles) character file.

102606 Loge the Warrior (level 15, -22/150 HPs)
             Began as a Minotaur Berserker on July 15, 2018.
             Was a High Priest of Trog.
             Killed from afar by a deep elf mage (37 damage)
             ... with a bolt of magma
             ... on level 2 of the Elven Halls.
             The game lasted 01:29:17 (32117 turns).

Loge the Warrior (Minotaur Berserker)              Turns: 32117, Time: 01:29:18

Health: -22/150    AC: 23    Str: 23    XL:     15   Next: 86%
Magic:  4/4        EV: 12    Int: 10    God:    Trog [*****.]
Gold:   2505       SH:  0    Dex: 15    Spells: 14/14 levels left

rFire    . . .     SeeInvis .   S - +3 war axe (antimagic)
rCold    . . .     Gourm    .   (no shield)
rNeg     . . .     Faith    .   M - +0 plate armour
rPois    +         Spirit   .   I - +2 hat {MR+}
rElec    .         Reflect  .   V - +2 cloak
rCorr    .         Harm     +   J - +0 pair of gloves
MR       +++..                  a - +0 pair of boots of Rusuvof {Int+6}
Stlth    ..........             h - amulet of harm
HPRegen  0.35/turn              m - ring of poison resistance
MPRegen  0.09/turn              R - ring of protection from magic

@: very slightly contaminated, very heavily drained
A: retaliatory headbutt, horns 2
a: Berserk, Trog's Hand, Brothers in Arms, Burn Spellbooks, Renounce Religion


You were on level 2 of the Elven Halls.
You worshipped Trog.
Trog was extremely pleased with you.
You were not hungry.

You visited 6 branches of the dungeon, and saw 27 of its levels.
You also visited: Sewer.

You collected 2818 gold pieces.
You spent 313 gold pieces at shops.

Inventory:

Hand Weapons
 j - a +5 antimagic executioner's axe
 B - a +1 whip of flaming
 O - a +0 battleaxe of freezing
 S - a +3 antimagic war axe (weapon)
Missiles
 A - 21 tomahawks (quivered)
 Y - 2 throwing nets
Armour
 a - the +0 pair of boots of Rusuvof (worn) {Int+6}
   (You bought it in a shop on level 2 of the Orcish Mines)

   It affects your intelligence (+6).
 I - a +2 hat of magic resistance (worn)
 J - a +0 pair of gloves (worn)
 K - a +1 shield of positive energy
 M - a +0 plate armour (worn)
 V - a +2 cloak (worn)
Jewellery
 h - an amulet of harm (around neck)
 m - a ring of poison resistance (left hand)
 F - an uncursed ring of flight
 R - a ring of protection from magic (right hand)
Wands
 i - a wand of iceblast (28)
 r - a wand of paralysis (51)
 y - a wand of acid (19)
 N - a wand of scattershot (3)
 P - a wand of random effects (50)
 T - a wand of enslavement (17)
 W - a wand of digging (21)
 X - a wand of polymorph (13)
 Z - a wand of flame (28)
Scrolls
 g - 13 scrolls of remove curse
 o - 5 scrolls of enchant weapon
 t - 3 scrolls of fear
 u - 10 scrolls of teleportation
 v - 3 scrolls of blinking
 w - 2 scrolls of magic mapping
 C - 2 scrolls of random uselessness {unknown}
 E - 2 scrolls of enchant armour
Potions
 b - 10 potions of curing
 d - 2 potions of mutation
 e - 9 potions of flight
 f - a potion of magic
 l - 3 potions of might
 n - 8 potions of lignification
 p - 9 potions of heal wounds
 s - a potion of brilliance
 x - 4 potions of resistance
 z - 5 potions of cancellation
 D - 6 potions of haste
 G - 4 potions of agility
Comestibles
 c - 30 rations


   Skills:
 * Level 18.4(13.4) Fighting
 + Level 17.2(12.3) Axes
 + Level 15.0(10.4) Armour
 + Level 13.5(9.0) Dodging
 - Level 6.1(2.3) Shields


You had 14 spell levels left.
You didn't know any spells.

Dungeon Overview and Level Annotations

Branches:
Dungeon (15/15)            Temple (1/1) D:7            Lair (6/6) D:10
 Shoals (0/4) Lair:2       Spider (1/4) Lair:3        Slime (0/5) Lair:5
    Orc (2/2) D:12            Elf (2/3) Orc:2        Vaults (0/5) D:13
 Depths (0/5) D:15

Altars:
Dithmenos
Kikubaaqudgha
Makhleb
Nemelex Xobeh
Okawaru
Ru
Sif Muna
Vehumet
Yredelemnul
Zin
Beogh
Jiyva

Shops:
D:5 ?   D:8 (   D:10 ?[?%   Orc:2 ?::[   Elf:2 (

Annotations:
D:9 exclusion: obsidian statue
Lair:3 exclusion: 3 oklob plants


Innate Abilities, Weirdness & Mutations

You reflexively headbutt those who attack you in melee.
You have a pair of horns on your head.


Message History

The redback bites you but does no damage.
The deep elf mage hits you but does no damage.
The jumping spider leaps!
Something hits you but does no damage.
The deep elf mage hits you but does no damage.
You feel better.
You feel less invigorated. The redback completely misses you.
You furiously retaliate!
You headbutt the redback! The fire elemental barely misses you.
You furiously retaliate!
You headbutt the fire elemental!
The jumping spider leaps!
Something hits you but does no damage.
The deep elf mage gestures wildly while chanting.
The deep elf mage blinks!
The deep elf mage hits you but does no damage.
Your troll goes berserk!
You feel quite a bit more hungry. The redback closely misses you.
The fire elemental hits you. The fire elemental burns you!
* * * LOW HITPOINT WARNING * * *
The deep elf mage casts a spell at you.
The bolt of magma hits the fire elemental.
The fire elemental partially resists.
The bolt of magma hits you!
You die...

##.#+#...#
##..#∩#....
#...###....
#..§..s....
#.e..(⌠....
#T.....e...
#s{sD......
#@E(......
##ee(....+
##.....##
##+###


You could see a swamp dragon shaped shifter, 4 deep elf magi, a fire elemental,
a jumping spider, 2 redbacks, a battleaxe of freezing and a friendly troll
(berserk).

Vanquished Creatures
  The ghost of Peloso the Hoplite, an adept MiFi of Okawaru (Elf:1)
  Gastronok (D:12)
  A frost giant (D:15)
  2 orc warlords
  Nessos (Lair:5)
  A deep elf death mage (Elf:1)
  Josephine (Lair:4)
  An ogre mage (Orc:2)
  Harold (Lair:2)
  4 hydras
  2 centaur warriors
  5 two-headed ogres
  3 dancing weapons (Elf:1)
  2 tengu warriors
  3 death yaks (D:10)
  Nergalle (D:12)
  6 deep elf knights
  The ghost of SlightEye the Fighter, a novice DsFi of Okawaru (D:7)
  An unseen horror (D:15)
  5 deep elf archers (Elf:1)
  A wolf spider zombie (D:15)
  13 deep elf magi (Elf:1)
  3 orc knights
  A manticore (D:13)
  Pikel (D:4)
  A necromancer (Lair:3)
  9 orc sorcerers (Orc:2)
  10 ugly things
  2 cyclopes
  4 elephants (Lair:6)
  A merfolk siren (Lair:2)
  2 black mambas
  4 torpor snails
  A gargoyle (D:13)
  6 spiny frogs
  2 rime drakes
  A kobold demonologist (D:13)
  9 komodo dragons
  A yaktaur (D:15)
  2 tengu conjurers
  An efreet (D:13)
  4 polar bears (Lair:6)
  The ghost of Salt the Thaumaturge, a novice DECj of Vehumet (D:6)
  9 trolls
  A troll (shapeshifter) (D:14)
  6 jumping spiders
  6 hornets
  Grinder (D:4)
  12 blink frogs
  14 slime creatures
  8 hippogriffs
  7 dream sheep
  4 redbacks
  15 spriggans (Lair:6)
  A vampire (D:14)
  2 wyverns
  A water elemental (D:11)
  An air elemental (Elf:1)
  6 wraiths
  23 yaks
  A golden eye (shapeshifter) (Elf:1)
  Grum (Lair:1)
  3 basilisks
  Edmund (D:4)
  6 hungry ghosts
  8 vampire mosquitoes
  2 soldier ants (D:13)
  5 wargs
  2 acid dragons
  4 water moccasins
  10 porcupines
  22 orc warriors
  Duvessa (D:4)
  6 black bears
  3 elephant zombies
  4 ice beasts
  3 phantoms
  3 sky beasts
  2 slaves (D:4)
  An eye of draining (D:13)
  29 wolves
  17 ogres
  3 boggarts (Lair:6)
  3 centaurs
  19 crocodiles
  A komodo dragon zombie (Lair:3)
  15 bullfrogs
  5 big kobolds
  2 earth elementals (Elf:1)
  Dowan (D:4)
  5 scorpions
  12 wights
  7 killer bees
  4 howler monkeys
  7 electric eels
  6 crimson imps
  4 centaur zombies
  2 bullfrog zombies
  9 hounds
  A basilisk zombie (Lair:3)
  6 jellies
  16 orc priests
  7 centaur skeletons
  39 orc wizards
  4 bullfrog skeletons
  A hell rat (D:10)
  7 iguanas
  8 worker ants
  2 killer bee zombies
  2 hound zombies
  4 gnolls
  9 adders
  3 river rats (D:10)
  5 shadow imps
  3 oozes
  2 adder zombies
  An adder skeleton (D:9)
  4 worms
  A dart slug (D:4)
  18 leopard geckos
  84 orcs
  4 giant cockroaches
  5 goblins
  6 hobgoblins
  22 jackals
  4 quokkas
  4 ball pythons
  17 bats
  9 frilled lizards
  42 kobolds
  A quokka zombie (D:9)
  8 rats
  4 fungi
  4 plants
836 creatures vanquished.

Vanquished Creatures (collateral kills)
  Urug (Lair:4)
  An air elemental (Elf:2)
2 creatures vanquished.

Vanquished Creatures (others)
  A dancing weapon (Elf:1)
  2 deep elf knights (Elf:1)
  An orc wizard (Orc:2)
  A leopard gecko (Lair:4)
  An orc (Orc:2)
  2 bushes (Lair:3)
  7 fungi
  8 plants
23 creatures vanquished.

Grand Total: 861 creatures vanquished

Notes
Turn   | Place    | Note
-------+----------+-------------------------------------------
     0 | D:1      | Loge the Minotaur Berserker began the quest for the Orb.
     0 | D:1      | Reached XP level 1. HP: 19/19 MP: 0/0
   116 | D:1      | Reached XP level 2. HP: 25/27 MP: 1/1
   730 | D:1      | Reached skill level 4 in Fighting
   730 | D:1      | Reached XP level 3. HP: 20/33 MP: 2/2
  1253 | D:2      | Found a glowing silver altar of Zin.
  1271 | D:2      | Found a shadowy altar of Dithmenos.
  1310 | D:2      | Reached XP level 4. HP: 28/40 MP: 3/3
  1473 | D:2      | Reached ** piety under Trog
  1944 | D:3      | Reached skill level 5 in Axes
  2034 | D:3      | Found a glowing drain.
  2049 | Sewer    | Entered a sewer
  2149 | Sewer    | Reached XP level 5. HP: 47/47 MP: 4/4
  2615 | D:3      | Reached *** piety under Trog
  3119 | D:4      | Reached XP level 6. HP: 55/55 MP: 5/5
  3344 | D:4      | Found a sacrificial altar of Ru.
  3387 | D:4      | Reached skill level 5 in Fighting
  3410 | D:4      | Found a deep blue altar of Sif Muna.
  3672 | D:4      | Found a sparkling altar of Nemelex Xobeh.
  3700 | D:4      | Noticed a slave
  3701 | D:4      | Noticed a slave
  3701 | D:4      | Noticed a slave
  3701 | D:4      | Noticed Pikel
  3701 | D:4      | Noticed a slave
  3710 | D:4      | Killed a slave
  3713 | D:4      | Killed a slave
  3719 | D:4      | Killed Pikel
  3719 | D:4      | Reached skill level 5 in Armour
  3719 | D:4      | Reached XP level 7. HP: 62/62 MP: 6/6
  3804 | D:4      | Noticed Duvessa
  3805 | D:4      | Noticed Dowan
  3817 | D:4      | Killed Duvessa
  3817 | D:4      | Reached skill level 6 in Fighting
  3828 | D:4      | Killed Dowan
  3871 | D:4      | Noticed Edmund
  3872 | D:4      | Noticed Grinder
  3889 | D:4      | Killed Edmund
  3889 | D:4      | Reached skill level 5 in Dodging
  3889 | D:4      | Reached XP level 8. HP: 67/70 MP: 7/7
  4459 | D:4      | Killed Grinder
  4583 | D:5      | Entered Level 5 of the Dungeon
  4824 | D:5      | Found Wurhunn's Magic Scroll Boutique.
  5486 | D:6      | Reached skill level 7 in Fighting
  5507 | D:6      | Reached **** piety under Trog
  5684 | D:6      | Found a burning altar of Makhleb.
  5694 | D:6      | Found an iron altar of Okawaru.
  5815 | D:6      | Noticed Salt's ghost (novice DECj)
  5889 | D:5      | Reached XP level 9. HP: 79/79 MP: 8/8
  5901 | D:6      | Killed Salt's ghost
  6317 | D:7      | Reached skill level 10 in Axes
  6445 | D:7      | Noticed SlightEye's ghost (novice DsFi)
  6458 | D:7      | Killed SlightEye's ghost
  6458 | D:7      | Reached skill level 8 in Fighting
  7104 | D:7      | Found a staircase to the Ecumenical Temple.
  7286 | Temple   | Entered the Ecumenical Temple
  7732 | D:8      | Found Jekeoss's Weapon Emporium.
  7745 | D:8      | Reached XP level 10. HP: 72/90 MP: 9/9
  7925 | D:8      | Found a basalt altar of Yredelemnul.
  8274 | D:9      | Noticed an obsidian statue
  8307 | D:9      | Reached ***** piety under Trog
  8309 | D:9      | Reached skill level 9 in Fighting
  9067 | D:9      | Noticed a two-headed ogre
  9103 | D:8      | Killed a two-headed ogre
  9433 | D:9      | Got a fine hunting sling
 10007 | D:10     | Entered Level 10 of the Dungeon
 10007 | D:10     | Found Quozid's Magic Scroll Emporium.
 10811 | D:10     | Noticed a death yak
 10812 | D:10     | Noticed a death yak
 10812 | D:10     | Noticed a death yak
 10819 | D:10     | Killed a death yak
 10819 | D:10     | Reached XP level 11. HP: 62/99 MP: 10/10
 10827 | D:10     | Killed a death yak
 10827 | D:10     | Reached skill level 10 in Fighting
 10830 | D:10     | Killed a death yak
 11013 | D:10     | Found a staircase to the Lair.
 11277 | D:10     | Found Debaufemp's Food Boutique.
 11371 | D:10     | Received a gift from Trog
 11471 | D:10     | Found Xinelesa's Magic Scroll Shoppe.
 11538 | D:10     | Found Jeheduu's Armour Shop.
 11681 | Lair:1   | Entered Level 1 of the Lair of Beasts
 11703 | Lair:1   | Reached skill level 10 in Armour
 12001 | Lair:1   | Noticed Grum
 12004 | Lair:1   | Killed Grum
 12014 | Lair:1   | Received a gift from Trog
 12266 | Lair:1   | Reached skill level 11 in Fighting
 13236 | Lair:2   | Reached XP level 12. HP: 81/110 MP: 3/11
 13450 | Lair:2   | Noticed Harold
 13469 | Lair:2   | Killed Harold
 13632 | Lair:2   | Found a staircase to the Shoals.
 13801 | Lair:2   | Reached skill level 12 in Fighting
 14198 | Lair:3   | Noticed a four-headed hydra
 14520 | Lair:3   | Killed a four-headed hydra
 15548 | Lair:3   | Found a hole to the Spider Nest.
 15554 | Lair:3   | Reached skill level 10 in Dodging
 16026 | Lair:4   | Reached skill level 13 in Fighting
 16121 | Lair:4   | Reached skill level 15 in Axes
 16573 | Lair:4   | Received a gift from Trog
 17107 | Lair:4   | Noticed Urug
 17114 | Lair:4   | Killed Urug
 17464 | Lair:5   | Found a viscous altar of Jiyva.
 17465 | Lair:5   | Found a staircase to the Slime Pits.
 17466 | Lair:5   | Noticed a seven-headed hydra
 17500 | Lair:4   | Killed a seven-headed hydra
 17622 | Lair:5   | Reached XP level 13. HP: 96/122 MP: 4/12
 17761 | Lair:5   | Noticed Josephine
 17773 | Lair:4   | Killed Josephine
 18233 | Lair:5   | Noticed Nessos
 18249 | Lair:5   | Killed Nessos
 18317 | Lair:5   | Reached skill level 14 in Fighting
 18638 | Lair:6   | Entered Level 6 of the Lair of Beasts
 19254 | Lair:6   | Received a gift from Trog
 19542 | Lair:6   | Reached skill level 15 in Fighting
 21164 | D:12     | Noticed Nergalle
 21171 | D:12     | Killed Nergalle
 21171 | D:12     | Reached XP level 14. HP: 133/135 MP: 4/13
 21363 | D:12     | Received a gift from Trog
 21410 | D:12     | Found a staircase to the Orcish Mines.
 21511 | D:12     | Noticed Gastronok
 21538 | D:12     | Killed Gastronok
 22287 | Orc:1    | Entered Level 1 of the Orcish Mines
 23065 | Orc:1    | Noticed an orc warlord
 23325 | D:12     | Killed an orc warlord
 23325 | D:12     | Reached skill level 5 in Shields
 23327 | D:12     | Reached skill level 16 in Fighting
 23735 | Orc:2    | Entered Level 2 of the Orcish Mines
 23825 | Orc:2    | Received a gift from Trog
 23903 | Orc:2    | Found a staircase to the Elven Halls.
 24043 | Orc:2    | Paralysed by an orc sorcerer for 7 turns
 24081 | Orc:2    | Found Neosecwu's Magic Scroll Shop.
 24135 | Orc:2    | Found a radiant altar of Vehumet.
 24174 | Orc:2    | Found Vakuymn's Book Boutique.
 24228 | Orc:2    | Found an ancient bone altar of Kikubaaqudgha.
 24382 | Orc:2    | Received a gift from Trog
 24386 | Orc:2    | Noticed an orc warlord
 24930 | Orc:1    | Killed an orc warlord
 25586 | Orc:2    | Found a roughly hewn altar of Beogh.
 25587 | Orc:2    | Found Harynli's Book Boutique.
 25608 | Orc:2    | Found Cawustur's Antique Armour Shop.
 25902 | Orc:2    | Bought a pair of distressingly furry boots for 313 gold pieces
 25912 | Orc:2    | Identified the +0 pair of boots of Rusuvof {Int+6} (You bought it in a shop on level 2 of the Orcish Mines)
 26311 | Spider:1 | Entered Level 1 of the Spider Nest
 27180 | D:13     | Received a gift from Trog
 27340 | D:13     | Found a gate to the Vaults.
 27544 | D:13     | Reached ****** piety under Trog
 27689 | D:13     | Reached skill level 17 in Fighting
 27828 | D:14     | Received a gift from Trog
 28184 | D:14     | Reached XP level 15. HP: 144/147 MP: 4/14
 28718 | D:15     | Entered Level 15 of the Dungeon
 28836 | D:15     | Found a shadowy altar of Dithmenos.
 29980 | D:15     | Found a staircase to the Depths.
 29980 | D:15     | Noticed a frost giant
 29984 | D:15     | Killed a frost giant
 30249 | Elf:1    | Entered Level 1 of the Elven Halls
 30249 | Elf:1    | Noticed Peloso's ghost (adept MiFi)
 30266 | Elf:1    | Killed Peloso's ghost
 30352 | Elf:1    | Received a gift from Trog
 30380 | Elf:1    | Reached skill level 18 in Fighting
 31362 | Elf:1    | Reached skill level 15 in Armour
 31400 | Elf:1    | HP: 10/225 [battleaxe of draining (15)]
 31400 | Elf:1    | HP: 3/225 [battleaxe of draining (7)]
 31401 | Elf:1    | Received a gift from Trog
 32101 | Elf:1    | HP: 2/150 [deep elf mage/bolt of negative energy (38)]
 32106 | Elf:2    | Found Zalluth's Weapon Shop.
 32117 | Elf:2    | Killed from afar by a deep elf mage

Skill      XL: |  1  2  3  4  5  6  7  8  9 10 11 12 13 14 15 |
---------------+----------------------------------------------+-----
Axes           | 4 5 7 8 9 11 13 14 15 16 17 | 17.2
Fighting       | 4 5 6 7 8 9 11 13 15 17 18 | 18.4
Armour         | 3 4 5 6 8 9 10 12 13 14 15 | 15.0
Dodging        | 3 4 5 6 7 9 10 11 12 13 | 13.5
Shields        | 3 4 6 |  6.1

Action                   |  1- 3 |  4- 6 |  7- 9 | 10-12 | 13-15 || total
-------------------------+-------+-------+-------+-------+-------++-------
Melee: Hand axe          |    74 |   187 |    82 |       |       ||   343
       Headbutt          |     9 |    25 |    52 |   134 |   274 ||   494
       War axe           |       |       |   169 |   302 |   682 ||  1153
       Broad axe         |       |       |       |   303 |       ||   303
       Whip              |       |       |       |    25 |    16 ||    41
       Executioner's axe |       |       |       |       |   461 ||   461
Invok: Berserk           |     1 |     1 |     2 |     7 |     5 ||    16
       Trog's Hand       |       |       |     1 |       |       ||     1
       Brothers in Arms  |       |       |       |     1 |     3 ||     4
       Burn Spellbooks   |       |       |       |       |     1 ||     1
  Use: Scroll            |       |       |     8 |     7 |    17 ||    32
       Potion            |       |       |       |       |     5 ||     5
  Eat: Chunk             |     2 |     8 |     9 |    25 |    42 ||    86
       Ration            |       |       |     2 |     5 |     5 ||    12
Armor: Leather armour    |     8 |       |       |       |       ||     8
       Ring mail         |    23 |    60 |    34 |       |       ||   117
       Chain mail        |       |       |    51 |       |       ||    51
       Plate armour      |       |       |       |   287 |   575 ||   862
Dodge: Dodged            |    49 |   146 |   113 |   295 |   553 ||  1156
Block: Buckler           |       |       |    16 |   106 |    65 ||   187
       Shield            |       |       |       |       |   101 ||   101
